 Dungeon Crawl Stone Soup version 0.31-a0-1059-g83d41fd8b6 (webtiles) character file.

Game seed: 13978147861235544087

17105 Maratek the Impaler (level 12, -6/112 HPs)
             Began as a Minotaur Fighter on Nov 21, 2023.
             Mangled by a sixfirhy (11 damage)
             ... summoned by a kobold demonologist
             ... on level 11 of the Dungeon.
             The game lasted 00:21:49 (10535 turns).

Maratek the Impaler (Minotaur Fighter)             Turns: 10535, Time: 00:21:51

Health: -6/112     AC: 11    Str: 26      XL:     12   Next: 15%
Magic:  11/11      EV:  5    Int: 15      God:
Gold:   1081       SH:  8    Dex: 22 (24) Spells: 11/11 levels left

rFire   + . .        p - +2 trident (drain)
rCold   + . .        c - +0 buckler
rNeg    . . .        q - +9 gold dragon scales of Fun and Games {Contam *Corrode rPois rF+ rC+ Dex+7}
rPois   +            (helmet restricted)
rElec   .            (no cloak)
rCorr   .            k - +2 pair of gloves "Rogulo" {Str+3 Slay+3}
SInv    .            e - +1 pair of boots
Will    .....        (no amulet) Stlth
                     o - +6 ring of intelligence
HPRegen 0.38/turn    g - +6 ring of dexterity
MPRegen 0.12/turn

%: corrode self (3%)
@: corroded, studying Polearms
A: horns 2, retaliatory headbutt, claws 1, talons 1, clever 1, deformed body
a: no special abilities


You were on level 11 of the Dungeon.
You visited 2 branches of the dungeon, and saw 12 of its levels.
You also visited: Bailey.

You collected 1253 gold pieces.
You spent 172 gold pieces at shops.

Inventory:

Hand Weapons
 p - a +2 trident of draining (weapon)
 r - a +0 trident of flaming
Missiles
 m - 2 throwing nets
Armour
 c - a +0 buckler (worn)
 e - a +1 pair of boots (worn)
 k - the +2 pair of gloves "Rogulo" (worn) {Str+3 Slay+3}
   (You found it on level 4 of the Dungeon)

   Str+3:     It affects your strength (+3).
   Slay+3:    It affects your accuracy & damage with ranged weapons and melee
   (+3).
 q - the +9 gold dragon scales of Fun and Games (worn) {Contam *Corrode rPois rF+ rC+ Dex+7}
   (You found it on level 7 of the Dungeon)

   Dex+7:     It affects your dexterity (+7).
   rF+:       It protects you from fire.
   rC+:       It protects you from cold.
   rPois:     It protects you from poison Contam: It causes magical
   contamination when unequipped.
   *Corrode:  It may corrode you when you take damage.
 v - the +3 plate armour "Afibb" {Will+ Regen+ Stlth+}
   (You found it in a bailey)

   Will+:     It increases your willpower.
   Regen+:    It increases your rate of health regeneration.
   Stlth+:    It makes you more stealthy.
Jewellery
 g - a +6 ring of dexterity (right hand)
 o - a +6 ring of intelligence (left hand)
 C - a ring of resist corrosion
Wands
 b - a wand of flame (50)
 d - a wand of polymorph (4)
 f - a wand of acid (10)
 w - a wand of mindburst (2)
Scrolls
 a - 4 scrolls of revelation
 i - 5 scrolls of teleportation
 s - 3 scrolls of immolation
 y - a scroll of amnesia
 B - a scroll of poison
Potions
 j - 2 potions of haste
 l - 2 potions of enlightenment
 n - a potion of curing (quivered)
 t - 3 potions of cancellation {unknown}
 x - 2 potions of ambrosia {unknown}
 A - a potion of invisibility
Miscellaneous
 h - a box of beasts
 u - a tin of tremorstones (2/2)


   Skills:
 + Level 11.8 Fighting
 * Level 18.1 Polearms
 + Level 11.9 Armour
 + Level 11.8 Shields


You had 11 spell levels left.
You didn't know any spells.
Your spell library contained the following spells:

 Spells                   Type           Power      Damage    Failure   Level
 Apportation              Tloc           0%         N/A       100%        1
 Foxfire                  Conj/Fire      0%         2x1d4     100%        1
 Freeze                   Ice            0%         1d3       100%        1
 Kiss of Death            Conj/Necr      0%         2d5       100%        1
 Slow                     Hex            0%         N/A       100%        1
 Blink                    Tloc           0%         N/A       100%        2
 Cigotuvi's Dreadful Rot  Necr/Pois/Air  0%         N/A       100%        2
 Jinxbite                 Hex            0%         N/A       100%        2
 Call Canine Familiar     Summ           0%         N/A       100%        3
 Confusing Touch          Hex            0%         N/A       100%        3
 Frozen Ramparts          Ice            0%         1d1       100%        3
 Hailstorm                Conj/Ice       0%         3d3       100%        3
 Ignite Poison            Fire/Tmut/Pois 0%         N/A       100%        3
 Sigil of Binding         Hex            0%         N/A       100%        3
 Tukima's Dance           Hex            0%         N/A       100%        3
 Vampiric Draining        Necr           0%         2d6       100%        3
 Dimensional Bullseye     Hex/Tloc       0%         N/A       100%        4
 Dispel Undead            Necr           0%         3d6       100%        4
 Iskenderun's Mystic Bla  Conj/Tloc      0%         2d3       100%        4
 Leda's Liquefaction      Hex/Erth       0%         N/A       100%        4
 Manifold Assault         Tloc           0%         N/A       100%        4
 Passage of Golubria      Tloc           0%         N/A       100%        4
 Alistair's Intoxication  Tmut/Pois      0%         N/A       100%        5
 Freezing Cloud           Conj/Ice/Air   0%         6-21      100%        5
 Silence                  Hex/Air        0%         N/A       100%        5
 Conjure Ball Lightning   Conj/Air       0%         3x3d6     100%        6
 Plasma Beam              Fire/Air       0%         2x1d10    100%        6
 Starburst                Conj/Fire      0%         6d3       100%        6
 Discord                  Hex            0%         N/A       100%        8
 Disjunction              Tloc           0%         N/A       100%        8
 Lehudib's Crystal Spear  Conj/Erth      0%         10d2      100%        8


Dungeon Overview and Level Annotations

Branches:
Dungeon (11/15)            Temple (1/1) D:7            Lair (0/5) D:9
    Orc (0/2) D:9          Bailey (visited)

Altars:
Ashenzari
Cheibriados
Dithmenos
Elyvilon
Fedhas
Gozag
Hepliaklqana
Kikubaaqudgha
Makhleb
Nemelex Xobeh
Okawaru
Qazlal
Ru
Sif Muna
Trog
Uskayaw
Vehumet
Wu Jian
Xom
Yredelemnul
Zin
The Shining One

Shops:
D:4 (   D:6 [   D:9 =

Annotations:
D:4 1 runed translucent door, Crazy Yiuf
D:9 3 runed translucent doors, BigAl98's ghost, novice TrSh


Innate Abilities, Weirdness & Mutations

You have a pair of horns on your head.
You reflexively headbutt those who attack you in melee.
You have sharp fingernails.
You have sharp toenails.
Your mind is acute. (Int +4, Str/Dex -1)
Armour fits poorly on your strangely shaped body.


Message History

The sixfirhy is almost dead.
You block the kobold's attack.
Unknown command.
You miss the sixfirhy.
The sixfirhy is severely wounded.
The quasit bites you.
You feel clumsy. The quasit claws you.
You feel clumsy. The quasit barely misses you.
The kobold hits you but does no damage.
You hit the sixfirhy but do no damage.
The sixfirhy is severely wounded.
The sixfirhy barely misses you. You furiously retaliate!
You headbutt the sixfirhy. The sixfirhy hits you! The sixfirhy shocks you!
The quasit bites you but does no damage.
You block the quasit's attack. The quasit claws you. The sixfirhy hits you!
The sixfirhy shocks you!
The kobold hits you but does no damage. x2
You are too injured to fight recklessly!
Unknown command.
You are too injured to fight recklessly!
Unknown command.
Blink to where?
Press: ? - help, Q - select action, (/) - cycle Dir - move target
As you read the scroll of blinking, it crumbles to dust.
There is an open door here.
The sixfirhy barely misses you. You furiously retaliate!
You headbutt the sixfirhy, but do no damage.
The sixfirhy hits you! The sixfirhy shocks you!
* * * LOW HITPOINT WARNING * * *
You block the sixfirhy's attack. The sixfirhy hits you.
* * * LOW HITPOINT WARNING * * *
The sixfirhy shocks you!
* * * LOW HITPOINT WARNING * * *
The sixfirhy attacks as it pursues you! The sixfirhy hits you.
* * * LOW HITPOINT WARNING * * *
The sixfirhy shocks you!
* * * LOW HITPOINT WARNING * * *
The sixfirhy barely misses you. You furiously retaliate!
You headbutt the sixfirhy. The sixfirhy hits you!
You die...

# ######## 5## #......#
5.# #......#######
.K###.5....#.....#
K§K..3.....#...#.#
#########'##.....######
>..............3@<....#
....#..####...##......#
....#..####...##....#.+
......................#
8.8................####
.............####..#
......#......####..#
.######............# #
.........####'#####


You could see a sixfirhy (summoned).

Vanquished Creatures
  An orc warlord (Bailey)
  A two-headed ogre (D:10)
  Pikel (D:5)
  A manticore (D:10)
  An ugly thing (D:8)
  A cyclops (D:7)
  Maurice (D:8)
  Joseph (D:7)
  A gargoyle (D:7)
  4 orange demons (D:10)
  Jeremiah (D:8)
  Maggie (D:7)
  A komodo dragon (D:9)
  2 red devils (D:10)
  A troll (D:9)
  2 hornets
  Grinder (D:4)
  A slime creature (D:8)
  A shadow (D:10)
  3 wraiths (D:10)
  Eustachio (D:5)
  2 wyverns
  12 yaks
  A steam dragon (D:9)
  Menkaure (D:6)
  A warg (D:9)
  2 acid dragons
  3 water moccasins
  Duvessa (D:6)
  A sky beast (D:7)
  15 orc warriors
  3 black bears
  2 ogres
  3 centaurs
  A phantom (D:4)
  7 kobold brigands
  A lemure (D:5)
  5 bullfrogs
  4 scorpions
  2 wyvern zombies (D:7)
  13 wights
  Dowan (D:6)
  8 killer bees (D:7)
  9 howler monkeys
  2 centaur zombies (D:7)
  A jelly (D:8)
  A bullfrog zombie (D:7)
  4 hounds
  2 gnoll boudas (D:7)
  2 orc priests
  2 sleepcaps
  Jessica (D:2)
  4 iguanas
  7 orc wizards
  Ijyb (D:5)
  A killer bee zombie (D:7)
  A howler monkey zombie (D:7)
  20 gnolls
  3 adders
  3 white imps
  7 ufetubi
  A worm (D:4)
  3 dart slugs
  48 orcs
  11 bats
  4 endoplasms
  2 giant cockroaches (D:4)
  20 goblins
  14 hobgoblins
  3 jackals (D:5)
  4 quokkas
  6 ball pythons
  4 frilled lizards
  30 kobolds
  3 rats
341 creatures vanquished.

Vanquished Creatures (others)
  A sky beast (D:7)
  2 kobolds (D:9)
3 creatures vanquished.

Grand Total: 344 creatures vanquished

Notes
Turn   | Place    | Note
-------+----------+-------------------------------------------
     0 | D:1      | Maratek the Minotaur Fighter began the quest for the Orb.
     0 | D:1      | Reached XP level 1. HP: 19/19 MP: 0/0
   130 | D:1      | Reached XP level 2. HP: 17/27 MP: 1/1
   433 | D:1      | Reached skill level 3 in Polearms
   684 | D:1      | Reached XP level 3. HP: 33/33 MP: 2/2
   883 | D:2      | Noticed Jessica
   888 | D:2      | Killed Jessica
   917 | D:2      | You fall into a shaft and drop 2 floors!
   946 | D:3      | Reached XP level 4. HP: 38/41 MP: 3/3
  1233 | D:3      | Reached XP level 5. HP: 46/47 MP: 4/4
  1312 | D:3      | Reached skill level 4 in Polearms
  1331 | D:3      | Reached skill level 5 in Armour
  1331 | D:3      | Reached skill level 5 in Shields
  2124 | D:4      | Reached skill level 5 in Fighting
  2157 | D:4      | Noticed an ogre
  2163 | D:4      | Killed an ogre
  2164 | D:4      | Reached XP level 6. HP: 15/56 MP: 5/5
  2331 | D:4      | HP: 1/84 [frozen (4)]
  2611 | D:4      | Noticed Grinder
  2613 | D:4      | Paralysed by Grinder for 4 turns
  2624 | D:4      | Killed Grinder
  2625 | D:4      | Reached skill level 5 in Polearms
  2625 | D:4      | Reached XP level 7. HP: 62/62 MP: 6/6
  2638 | D:4      | Identified the +2 pair of gloves "Rogulo" {Str+3 Slay+3}
  2719 | D:4      | Found Upoick's Antique Weapon Shop.
  2901 | D:4      | Found a runed translucent door.
  2902 | D:4      | Noticed Crazy Yiuf
  2953 | D:5      | Entered Level 5 of the Dungeon
  2953 | D:5      | Noticed Pikel
  2969 | D:5      | Killed Pikel
  2970 | D:5      | Reached skill level 6 in Polearms
  2970 | D:5      | Reached XP level 8. HP: 42/71 MP: 7/7
  3138 | D:5      | Noticed Eustachio
  3150 | D:5      | Killed Eustachio
  3324 | D:5      | Reached skill level 7 in Polearms
  3394 | D:5      | Noticed Ijyb
  3430 | D:5      | Killed Ijyb
  3863 | D:5      | Gained mutation: You sometimes lose your temper in combat.
                  | [potion of mutation]
  3863 | D:5      | Gained mutation: Your flesh is cold resistant. (rC+)
                  | [potion of mutation]
  3864 | D:5      | Lost mutation: Your flesh is cold resistant. (rC+) [potion
                  | of mutation]
  3864 | D:5      | Lost mutation: You sometimes lose your temper in combat.
                  | [potion of mutation]
  3864 | D:5      | Gained mutation: Your mind is acute. (Int +4, Str/Dex -1)
                  | [potion of mutation]
  3864 | D:5      | Gained mutation: Armour fits poorly on your strangely
                  | shaped body. [potion of mutation]
  3864 | D:5      | Gained mutation: You have sharp toenails. [potion of
                  | mutation]
  3864 | D:5      | Gained mutation: You have sharp fingernails. [potion of
                  | mutation]
  3957 | D:6      | Found Geigoeci's Armour Shop.
  3962 | D:6      | Bought a +1 pair of boots for 172 gold pieces
  4040 | D:6      | Noticed Menkaure
  4049 | D:6      | Killed Menkaure
  4050 | D:6      | Reached XP level 9. HP: 43/81 MP: 8/8
  4220 | D:6      | Noticed Dowan
  4230 | D:6      | Noticed Duvessa
  4235 | D:6      | Killed Dowan
  4243 | D:6      | Killed Duvessa
  4362 | D:6      | Reached skill level 8 in Polearms
  4675 | D:7      | Noticed Joseph
  4785 | D:7      | Found a staircase to the Ecumenical Temple.
  4794 | Temple   | Entered the Ecumenical Temple
  5006 | D:7      | Reached skill level 9 in Polearms
  5154 | D:7      | Killed Joseph
  5155 | D:7      | Reached skill level 10 in Polearms
  5339 | D:7      | Found a blossoming altar of Fedhas.
  5347 | D:7      | Noticed Maggie
  5358 | D:7      | Killed Maggie
  5359 | D:7      | Reached XP level 10. HP: 52/91 MP: 9/9
  5363 | D:7      | Reached skill level 11 in Polearms
  5546 | D:7      | Found a glowing silver altar of Zin.
  5801 | D:7      | Reached skill level 12 in Polearms
  6503 | D:7      | Found a glowing silver altar of Zin.
  6517 | D:7      | Noticed a cyclops
  6525 | D:7      | Killed a cyclops
  6526 | D:7      | Reached skill level 13 in Polearms
  6526 | D:7      | Reached skill level 10 in Armour
  6537 | D:7      | Noticed a gargoyle
  6538 | D:7      | Identified the +9 gold dragon scales of Fun and Games
                  | {Contam *Corrode rPois rF+ rC+ Dex+7}
  6693 | D:7      | Killed a gargoyle
  6694 | D:7      | Reached skill level 10 in Fighting
  6694 | D:7      | Reached skill level 10 in Shields
  6820 | D:8      | Noticed a cyan ugly thing
  6836 | D:8      | Killed a cyan ugly thing
  6942 | D:8      | Noticed Jeremiah
  6956 | D:8      | Killed Jeremiah
  6957 | D:8      | Reached skill level 14 in Polearms
  7105 | D:8      | Found a flagged portal.
  7136 | Bailey   | Entered a bailey
  7202 | Bailey   | Reached XP level 11. HP: 91/101 MP: 10/10
  7377 | Bailey   | Noticed an orc warlord
  7397 | Bailey   | Killed an orc warlord
  7398 | Bailey   | Reached skill level 15 in Polearms
  7740 | Bailey   | Identified the +3 plate armour "Afibb" {Will+ Regen+
                  | Stlth+}
  7767 | Bailey   | Acquired 668 gold pieces
  7820 | D:8      | Noticed Maurice
  7825 | D:8      | Killed Maurice
  8565 | D:9      | Reached skill level 16 in Polearms
  8647 | D:9      | Found a staircase to the Lair.
  8757 | D:9      | Found a staircase to the Orcish Mines.
  8849 | D:9      | Found a runed translucent gate.
  8849 | D:9      | Found a runed translucent gate.
  8852 | D:9      | Noticed a cyan ugly thing
  8853 | D:9      | Found a runed translucent gate.
  8855 | D:9      | Noticed BigAl98's ghost (novice TrSh)
  9144 | D:9      | Found Bari's Jewellery Emporium.
  9511 | D:10     | Entered Level 10 of the Dungeon
  9577 | D:10     | Reached skill level 17 in Polearms
  9992 | D:10     | Reached XP level 12. HP: 110/110 MP: 11/11
 10107 | D:10     | Noticed a two-headed ogre
 10113 | D:10     | Killed a two-headed ogre
 10114 | D:10     | Reached skill level 18 in Polearms
 10535 | D:11     | HP: 5/112 [sixfirhy[a kobold demonologist] (12)]
 10535 | D:11     | Mangled by a sixfirhy

Illustrated notes

Levels and vault maps discovered:
D:1:      lemuel_arrival_muddy, layout_loops_ring, nicolae_grassy_gnolls
D:2:      layout_rooms, hellmonk_ecumenical_altar_zigzags,
          nicolae_kite_square_tiling_tiny, nicolae_shop_unique_rings,
          minmay_misc_feat_tiny, uniq_jessica
D:3:      layout_basic, minmay_quantized
D:4:      layout_cave_pools, serial_shops, nicolae_lakefront_shop, uniq_grinder,
          uniq_crazy_yiuf_cottage
D:5:      layout_loops_ring, skrybe_limestone_x, uniq_ijyb, uniq_pikel,
          uniq_eustachio
D:6:      layout_cave_pools, serial_shops, nicolae_shop_just_a_little_nook,
          minmay_manual_monolith, uniq_menkaure, uniq_duvessa
D:7:      minmay_the_grid_octo_2x2 [minmay_the_grid_octo_vomiting_pacman,
          minmay_the_grid_octo_focus, minmay_the_grid_octo_odd_swirl,
          minmay_the_grid_octo_prize_single_spiral], layout_basic,
          mainiacjoe_overflow_brackets, minmay_temple_entry_stoned_glass,
          serial_undead, serial_undead_d, serial_undead_c, serial_undead_a,
          serial_undead_e, serial_undead_e, serial_undead_f, uniq_maggie,
          uniq_joseph
D:8:      wad_cavern_with_rooms, layout_basic, enter_bailey_5, uniq_maurice,
          uniq_jeremiah
D:9:      layout_loops_ring, dpeg_oklobed_lair, david_orc_3, serial_shops,
          nicolae_shop_tiny_statue_garden, gammafunk_ghost_split,
          lemuel_flame_loot_1
D:10:     layout_loops_ring, minmay_beelzebubs_servants
D:11:     layout_stronghold, serial_column_ruins, column_ruins_hut_ruined,
          column_ruins_hut, column_ruins_columns_straight,
          column_ruins_corridor_dead_end, column_ruins_open_small,
          column_ruins_grid_1, column_ruins_open_small, column_ruins_open_tiny
Temple:   mainiacjoe_temple_starburst

Skill      XL: |  1  2  3  4  5  6  7  8  9 10 11 12 |
---------------+-------------------------------------+-----
Shields        | 4 5 6 8 9 10 11 | 11.8
Armour         | 4 5 6 8 9 10 11 | 11.9
Fighting       | 4 5 6 7 9 10 11 | 11.8
Polearms       | 3 4 5 6 7 10 14 17 18 | 18.1

Action                     |  1- 3 |  4- 6 |  7- 9 | 10-12 || total
---------------------------+-------+-------+-------+-------++-------
  Melee: Trident           |    68 |   113 |   225 |   623 ||  1029
         Headbutt          |     3 |    15 |    53 |   100 ||   171
         Unarmed           |       |       |    18 |       ||    18
         Kick              |       |       |     2 |       ||     2
    Use: Scroll            |       |     4 |     6 |     7 ||    17
         Potion            |       |     7 |     6 |     2 ||    15
   Stab: Invisible         |       |     3 |     5 |       ||     8
         Distracted        |       |       |       |     1 ||     1
 Armour: Scale mail        |    42 |    49 |       |       ||    91
         Plate armour      |       |    41 |   188 |    69 ||   298
         Skin              |       |     9 |     6 |       ||    15
         Gold dragon scale |       |       |       |   231 ||   231
  Dodge: Dodged            |    19 |    42 |    97 |    83 ||   241
  Block: Buckler           |     3 |    33 |    65 |   145 ||   246

Table legend: (Time is in decaauts)
 A = Elapsed time spent in this place.
 B = Non-inter-level travel time spent in this place.
 C = Inter-level travel time spent in this place.
 D = Time resting spent in this place.
 E = Time spent auto-exploring this place.
 F = Levels seen in this place.
 G = Mean time per level.
                   A        B        C        D        E       F      G
               +--------+--------+--------+--------+--------+-----+--------+
         Total |  10340 |   9731 |    609 |    679 |   7380 |  13 |  795.4 |
       Dungeon |   9574 |   9106 |    468 |    353 |   7246 |  11 |  870.4 |
        Temple |    146 |      5 |    141 |      0 |      0 |   1 |  146.0 |
        Bailey |    619 |    619 |      0 |    326 |    134 |   1 |  619.0 |
               +--------+--------+--------+--------+--------+-----+--------+

Top non-repeatable levels by time:
     D:7: 1931 daAuts
     D:3: 1094 daAuts
     D:9: 1042 daAuts
     D:4: 969 daAuts
     D:5: 953 daAuts
     D:8: 928 daAuts
    D:10: 877 daAuts
     D:1: 860 daAuts
     D:6: 757 daAuts
  Bailey: 619 daAuts
  Temple: 146 daAuts
    D:11: 87 daAuts
     D:2: 71 daAuts
